 Dungeon Crawl Stone Soup version 0.29-a0-961-gfab03dca74 (webtiles) character file.

Game seed: 6952142194901560441

733 Ajdolov the Chopper (level 7, -3/55 HPs)
             Began as a Ghoul Gladiator on July 30, 2022.
             Slain by an orc
             ... wielding a +2 flail of draining
              (7 damage)
             ... on level 5 of the Dungeon.
             The game lasted 00:06:00 (4645 turns).

Ajdolov the Chopper (Ghoul Gladiator)               Turns: 4645, Time: 00:06:01

Health: -3/55      AC: 11    Str: 20    XL:     7   Next: 74%
Magic:  6/6        EV:  8    Int:  3    God:
Gold:   204        SH:  0    Dex: 10    Spells: 6/6 levels left

rFire   . . .      SeeInvis .   y - +2 lajatang
rCold   + . .      Faith    .   (shield currently unavailable)
rNeg    + + +      Spirit   .   w - +0 chain mail
rPois   ∞          Reflect  .   c - +0 helmet
rElec   .          Harm     .   (no cloak)
rCorr   .          Rampage  .   (no gloves)
Will    .....                   g - +1 pair of boots
Stlth   ..........              (no amulet)
HPRegen 0.00/turn               (no ring)
MPRegen 0.10/turn               (no ring)

@: inhibited regen
A: claws 1, cold resistance 1, negative energy resistance 3, inhibited
regeneration, torment resistance 2, devour on kill
a: no special abilities


You were on level 5 of the Dungeon.
You visited 1 branch of the dungeon, and saw 5 of its levels.
You also visited: Ossuary.

You collected 204 gold pieces.

Inventory:

Hand Weapons
 y - a +2 lajatang (weapon)
Missiles
 d - 2 throwing nets (quivered)
 e - a javelin
Armour
 c - a +0 helmet (worn)
 g - a +1 pair of boots (worn)
 w - a +0 chain mail (worn)
Jewellery
 i - a ring of ice
Wands
 E - a wand of light (8)
Scrolls
 p - a scroll of torment
 q - a scroll of amnesia
 v - a scroll of vulnerability
Potions
 a - a potion of degeneration {unknown}
 b - 2 potions of ambrosia
 f - a potion of magic {unknown}
 h - a potion of mutation {unknown}
 k - a potion of attraction {unknown}
 m - 2 potions of haste {unknown}
 o - a potion of brilliance {unknown}
 t - 7 potions of heal wounds
 z - 5 potions of curing
 B - a potion of invisibility {unknown}
 D - a potion of might {unknown}


   Skills:
 - Level 2.1 Fighting
 - Level 7.2 Axes
 * Level 3.4 Staves
 - Level 1.7 Throwing
 - Level 2.6 Dodging


You had 6 spell levels left.
You didn't know any spells.
Your spell library contained the following spells:

 Spells                   Type           Power      Damage    Failure   Level
 Slow                     Hex            0%         N/A       100%        1
 Sting                    Tmut/Pois      0%         1d3       100%        1
 Blink                    Tloc           0%         N/A       100%        2
 Poisonous Vapours        Pois/Air       0%         N/A       100%        2
 Confusing Touch          Hex            0%         N/A       100%        3
 Lesser Beckoning         Tloc           0%         N/A       100%        3
 Stone Arrow              Conj/Erth      0%         3d7       100%        3
 Vampiric Draining        Necr           0%         2d6       100%        3
 Animate Armour           Summ/Erth      0%         N/A       100%        4
 Olgreb's Toxic Radiance  Pois           0%         N/A       100%        4
 Manifold Assault         Tloc           0%         N/A       100%        5
 Yara's Violent Unravell  Hex/Tmut       0%         3d3       100%        5
 Enfeeble                 Hex            0%         N/A       100%        7
 Lehudib's Crystal Spear  Conj/Erth      0%         10d2      100%        8


Dungeon Overview and Level Annotations

Branches:
Dungeon (5/15)            Ossuary (visited)
 Temple: D:4-7

Altars:
Nemelex Xobeh
Sif Muna

Shops:
D:2 :


Innate Abilities, Weirdness & Mutations

You are immune to poison.
You have sharp fingernails.
Your flesh is cold resistant. (rC+)
You are immune to negative energy. (rN+++)
You do not regenerate when monsters are visible.
You are immune to unholy pain and torment.
You thrive by killing the living.


Message History

Something hits you but does no damage.
You closely miss something.
The orc hits you with a +2 flail of draining.
Something hits you. The orc barely misses you. Something hits you.
You barely miss something.
The orc hits you with a +2 flail of draining.
Something hits you but does no damage.
You barely miss something.
The orc hits you with a +2 flail of draining!
* * * LOW HITPOINT WARNING * * *
Something hits you but does no damage.
You closely miss something. The orc barely misses you.
Something hits you but does no damage.
You miss something. The orc hits you but does no damage.
Something hits you but does no damage. The orc hits you but does no damage.
Something hits you.
* * * LOW HITPOINT WARNING * * *
Unknown command.
Aiming: Bolt of Light
Press: ? - help, Shift-Dir - straight line, f - orc
Aim: an orc, wielding a +0 dagger and wearing a +0 ring mail (75% to hit)
The bolt of light hits the orc!
You kill the orc!
You feel better. Something hits you but does no damage.
The orc hits you with a +2 flail of draining.
* * * LOW HITPOINT WARNING * * *
Aiming: Bolt of Light
Press: ? - help, Shift-Dir - straight line The bolt of light hits something!
Reactivating autopickup.
You feel a bit more experienced.
The orc hits you with a +2 flail of draining!
* * * LOW HITPOINT WARNING * * *
You barely miss the orc.
The orc is almost dead.
The orc hits you but does no damage.
You closely miss the orc.
The orc is almost dead.
The orc hits you with a +2 flail of draining!
You die...

#....####........##.#.<.
##...................#...
.#...............#.........
##...##.#.#.#..[.....#.##...$
......#.........####.#.##(...
........#.#†#..#####.........
.............#...##.........#
........#.#o####.o...####...O
............@##....### ..
........#.#.#))...##
.......<.....###....#
...##.#.#.#.## #.##.#
#.#..†...# #.##.#
#.#.#.##..... . #....>.......
.. ###.#)#.....< ..
<..............


You could see an orc.

Vanquished Creatures
  An ogre (D:5)
  A phantom (D:3)
  2 water moccasin zombies (Ossuary)
  2 jellies (D:4)
  A hound (D:5)
  2 iguanas
  An orc wizard (D:5)
  2 mummies (Ossuary)
  Robin (D:4)
  4 gnolls (D:2)
  6 adders
  A shadow imp (D:5)
  7 adder zombies (Ossuary)
  2 worms
  A dart slug (D:4)
  6 orcs
  5 ball pythons (D:1)
  5 bats
  8 endoplasms
  3 giant cockroaches
  4 gnoll zombies (Ossuary)
  11 hobgoblins
  6 jackals
  6 kobolds
  4 quokkas
  6 frilled lizards
  17 goblins
  6 hobgoblin zombies (Ossuary)
  4 kobold zombies (Ossuary)
  3 orc zombies (Ossuary)
  3 rats
131 creatures vanquished.

Vanquished Creatures (others)
  16 plants (D:5)
16 creatures vanquished.

Grand Total: 147 creatures vanquished

Notes
Turn   | Place    | Note
-------+----------+-------------------------------------------
     0 | D:1      | Ajdolov the Ghoul Gladiator began the quest for the Orb.
     0 | D:1      | Reached XP level 1. HP: 17/17 MP: 0/0
   117 | D:1      | Reached skill level 3 in Axes
   125 | D:1      | Reached XP level 2. HP: 11/24 MP: 1/1
   540 | D:1      | Found a faded altar of an unknown god.
   680 | D:1      | Reached XP level 3. HP: 29/29 MP: 2/2
   918 | D:2      | Reached skill level 4 in Axes
  1216 | D:2      | Reached XP level 4. HP: 25/36 MP: 3/3
  1745 | D:2      | Found Jegejus's Book Emporium.
  2031 | D:3      | Found a shimmering blue altar of Sif Muna.
  2074 | D:3      | Reached skill level 5 in Axes
  2080 | D:3      | Reached XP level 5. HP: 24/41 MP: 4/4
  2584 | D:3      | Noticed a phantom
  2633 | D:3      | Killed a phantom
  3048 | D:4      | Noticed Robin
  3076 | D:4      | Reached XP level 6. HP: 48/48 MP: 5/5
  3077 | D:4      | Reached skill level 6 in Axes
  3096 | D:4      | Killed Robin
  3288 | D:4      | Found a sand-covered staircase.
  3296 | Ossuary  | Entered an ossuary
  3536 | Ossuary  | Reached skill level 7 in Axes
  3536 | Ossuary  | Reached XP level 7. HP: 54/55 MP: 6/6
  3796 | D:4      | Found a sparkling altar of Nemelex Xobeh.
  3892 | D:4      | Reached skill level 1 in Staves
  4486 | D:5      | Entered Level 5 of the Dungeon
  4645 | D:5      | Slain by an orc

Illustrated notes

Levels and vault maps discovered:
D:1:      matt_arrival_los_fun, layout_rooms, nicolae_ecumenical_lake_church
D:2:      layout_basic, serial_shops, nicolae_shop_hallway_plus,
          minmay_misc_feat_hallway, due_unseen_surprise
D:3:      layout_loops_ring, nicolae_overflow_hidden_temple,
          minmay_fractal_squares_diagonal_5
D:4:      layout_basic, elyvilon_altar_3, amcnicky_altar_gilded,
          nicolae_ossuary_entry_plus, uniq_robin
D:5:      layout_rooms, mainiacjoe_overflow_cross_hatched, st_stairs_13,
          chequers_serial_rivers_marsh

Skill      XL: |  1  2  3  4  5  6  7 |
---------------+----------------------+-----
Axes           | 3 4 5 7 |  7.2
Staves         | 3 |  3.4
Fighting       | |  2.1
Throwing       | |  1.7
Dodging        | |  2.6

Action                   |  1- 3 |  4- 6 |  7- 9 || total
-------------------------+-------+-------+-------++-------
Melee: War axe           |    90 |   249 |    18 ||   357
       Punch             |       |     3 |       ||     3
       Lajatang          |       |       |    56 ||    56
Throw: Throwing net      |       |     2 |       ||     2
Evoke: Wand              |       |       |     2 ||     2
  Use: Scroll            |       |       |    15 ||    15
 Stab: Held in net/web   |       |     1 |       ||     1
Armor: Leather armour    |    14 |       |       ||    14
       Ring mail         |    17 |    29 |       ||    46
       Chain mail        |       |   136 |    40 ||   176
Dodge: Dodged            |    62 |   141 |    30 ||   233

Table legend: (Time is in decaauts)
 A = Elapsed time spent in this place.
 B = Non-inter-level travel time spent in this place.
 C = Inter-level travel time spent in this place.
 D = Time resting spent in this place.
 E = Time spent auto-exploring this place.
 F = Levels seen in this place.
 G = Mean time per level.
                   A        B        C        D        E       F      G
               +--------+--------+--------+--------+--------+-----+--------+
         Total |   4750 |   4605 |    145 |    151 |   3454 |   6 |  791.7 |
       Dungeon |   4331 |   4186 |    145 |    151 |   3164 |   5 |  866.2 |
       Ossuary |    419 |    419 |      0 |      0 |    290 |   1 |  419.0 |
               +--------+--------+--------+--------+--------+-----+--------+

Top non-repeatable levels by time:
     D:3: 1111 daAuts
     D:4: 1102 daAuts
     D:2: 1032 daAuts
     D:1: 935 daAuts
 Ossuary: 419 daAuts
     D:5: 147 daAuts
